 Dungeon Crawl Stone Soup version 0.17.1-1-g73c8601 (webtiles) character file.

2755 DeXoteric the Thaumaturge (level 9, -6/49 HPs)
             Began as a Deep Elf Wizard on Dec 26, 2015.
             Was a Priest of Vehumet.
             Killed from afar by Erica (34 damage)
             ... with an orb of energy
             ... on level 8 of the Dungeon.
             The game lasted 00:31:01 (8990 turns).

DeXoteric the Thaumaturge (Deep Elf Wizard)         Turns: 8990, Time: 00:31:01

Health: -6/49      AC:  5    Str:  4    XL:     9   Next: 41%
Magic:  11/32      EV: 12    Int: 22    God:    Vehumet [***...]
Gold:   134        SH:  0    Dex: 13    Spells: 6 memorised, 11 levels left

rFire  + . .     SeeInvis .     i - +5 trident "Tifad" {drain, rC+ MR+++ MP+9 Int-5}
rCold  + + .     Clarity  .     y - +1 robe {rC+ rF+}
rNeg   . . .     SustAt   .     (no shield)
rPois  .         Gourm    .     F - +2 hat
rElec  .         Spirit   .     (no cloak)
rCorr  .         Warding  .     (no gloves)
rMut   .         Stasis   .     (no boots)
MR     +++..                    a - amulet of regeneration
Stlth  ++........               (no ring)
                                u - ring of wizardry

@: repel missiles, extremely resistant to hostile enchantments, unstealthy
A: no striking features
a: Renounce Religion


You were on level 8 of the Dungeon.
You worshipped Vehumet.
Vehumet was most pleased with you.
You were not hungry.

You visited 1 branch of the dungeon, and saw 8 of its levels.

You collected 358 gold pieces.
You spent 224 gold pieces at shops.

Inventory:

Hand Weapons
 e - a +0 dagger
 i - the +5 trident "Tifad" (weapon) {drain, rC+ MR+++ MP+9 Int-5}
   (You found it on level 4 of the Dungeon)

   A truly terrible weapon, it drains the life of those it strikes.
   It affects your intelligence (-5).
   It protects you from cold.
   It affects your resistance to hostile enchantments.
   It affects your magic capacity (+9).
Armour
 b - a +0 hat
 y - a +1 robe of resistance (worn)
 F - a +2 hat (worn)
Jewellery
 a - an amulet of regeneration (around neck)
 u - a ring of wizardry (left hand)
 w - an uncursed amulet of the gourmand
Wands
 A - a wand of digging (10)
 B - a wand of fire (3)
Scrolls
 j - 2 scrolls of remove curse
 k - 2 scrolls of amnesia {unknown}
 m - 3 scrolls of blinking {unknown}
 q - a scroll of random uselessness {unknown}
 r - 3 scrolls of magic mapping {unknown}
 s - 2 scrolls of enchant armour {unknown}
 t - 7 scrolls of teleportation
 v - 2 scrolls of enchant weapon {unknown}
 x - 2 scrolls of noise {unknown}
 D - 5 scrolls of identify
 E - a scroll of immolation {unknown}
Potions
 f - a potion of mutation {unknown}
 g - a potion of brilliance
 h - 4 potions of curing
 n - 3 potions of haste
 o - a potion of resistance
 p - 4 potions of heal wounds
 C - 2 potions of might
 H - 2 potions of ambrosia {unknown}
Books
 c - a book of Minor Magic

   Spells                             Type                      Level
   a - Magic Dart                     Conjuration                  1
   b - Blink                          Translocation                2
   c - Call Imp                       Summoning                    2
   d - Repel Missiles                 Charms/Air                   2
   e - Slow                           Hexes                        2
   f - Conjure Flame                  Conjuration/Fire             3
   g - Mephitic Cloud                 Conjuration/Poison/Air       3
Comestibles
 d - 5 bread rations
 l - 4 meat rations
 z - a beef jerky
 G - 3 chunks of flesh


   Skills:
 + Level 2.6 Fighting
 - Level 2.4 Dodging
 - Level 2.4 Stealth
 - Level 8.0 Spellcasting
 + Level 7.1 Conjurations
   Level 1.1 Summonings
 - Level 1.1 Translocations
 * Level 7.8 Fire Magic
 + Level 5.6 Air Magic


You had 11 spell levels left.
You knew the following spells:

 Your Spells              Type           Power        Failure   Level  Hunger
a - Magic Dart            Conj           ####         1%          1    None
b - Throw Flame           Conj/Fire      #####.       1%          2    None
f - Conjure Flame         Conj/Fire      #####...     1%          3    None
m - Mephitic Cloud        Conj/Pois/Air  ####....     1%          3    None
B - Blink                 Tloc           N/A          4%          2    None
R - Repel Missiles        Chrm/Air       ###...       1%          2    None


Dungeon Overview and Level Annotations

Branches:
Dungeon (8/15)             Temple (0/1) D:6
   Lair: D:8-11

Altars:
Cheibriados
Dithmenos
Fedhas
Kikubaaqudgha
Nemelex Xobeh
Sif Muna
Vehumet

Shops:
D:5 (([?(   D:7 [

Annotations:
D:3 Grinder
D:8 Erica, Grum, Psyche


Message History

Vehumet accepts your kill.
There is a stone staircase leading up here.
Aim: Psyche, wielding a dagger of chaos and wearing a runed robe (fast, confused)
The puff of flame hits Psyche.
You now have 16/32 mp.
Aim: Psyche, wielding a dagger of chaos and wearing a runed robe (moderately wounded, fast, confused)
The puff of flame hits Psyche.
Psyche gestures wildly.
You now have 15/32 mp.
The puff of flame hits Erica.
You now have 13/32 mp.
Aim: Erica, wielding a scimitar of flaming and wearing a runed robe (moderately wounded)
The puff of flame misses Erica.
The puff of flame hits Psyche.
Erica gestures at you while chanting. The orb of energy hits you!
You take 22 damage, and have 27/49 hp.
MASSIVE DAMAGE!!
You now have 11/32 mp.
Erica points at you and mumbles some strange words.
The orb of energy hits you!
Ouch! That really hurt!
You die...

#.......# #.
#.......# ##.
....@.. ....
..... .....
.@.
..?..###ยง####
............#
=.......<...#
.......e.##.#
.......### #
#.........
....#....#
...##..... ###
#..c.. ####.#
#.# ##.##


You could see Erica and Psyche (confused).

Vanquished Creatures
  A deep elf mage (D:8)
  A wolf (D:7)
  A necrophage (D:6)
  2 ogres
  2 phantoms
  2 sky beasts (D:7)
  A centaur (D:7)
  A crocodile (D:8)
  A giant frog (D:7)
  A big kobold (D:7)
  A scorpion (D:4)
  9 wights
  The ghost of DeXoteric the Conjurer, a weakling DgCj (D:3)
  6 crimson imps
  A centaur zombie (D:5)
  9 hounds
  A giant frog skeleton (D:6)
  4 jellies (D:5)
  An iguana (D:5)
  3 orc wizards (D:6)
  6 worker ants
  A hound skeleton (D:7)
  A gnoll (D:1)
  8 adders
  A shadow imp (D:5)
  2 oozes
  An adder zombie (D:6)
  An adder skeleton (D:6)
  4 worms
  3 giant geckos
  11 orcs
  2 ball pythons
  7 goblins
  5 hobgoblins
  7 jackals
  4 quokkas
  4 bats (D:1)
  9 giant cockroaches
  4 giant newts
  A jackal skeleton (D:4)
  17 kobolds
  3 quokka skeletons
  13 rats
164 creatures vanquished.

Notes
Turn   | Place    | Note
--------------------------------------------------------------
     0 | D:1      | DeXoteric the Deep Elf Wizard began the quest for the Orb.
     0 | D:1      | Reached XP level 1. HP: 10/10 MP: 7/7
   327 | D:1      | Reached XP level 2. HP: 15/15 MP: 5/9
   787 | D:1      | Reached skill level 5 in Spellcasting
   855 | D:1      | Reached XP level 3. HP: 19/19 MP: 9/11
   860 | D:1      | Learned a level 3 spell: Conjure Flame
   864 | D:1      | Learned a level 3 spell: Mephitic Cloud
   867 | D:1      | Learned a level 2 spell: Repel Missiles
   870 | D:1      | Learned a level 2 spell: Blink
  1904 | D:2      | Reached XP level 4. HP: 24/24 MP: 10/13
  1962 | D:2      | Reached skill level 1 in Fire Magic
  2276 | D:2      | Reached skill level 1 in Air Magic
  2370 | D:2      | Found a radiant altar of Vehumet.
  2971 | D:3      | Noticed Grinder
  2993 | D:2      | Became a worshipper of Vehumet
  3185 | D:3      | Noticed DeXoteric's ghost (weakling DgCj)
  3186 | D:3      | Killed DeXoteric's ghost
  3186 | D:3      | Reached XP level 5. HP: 28/28 MP: 15/15
  3552 | D:4      | Found an ancient bone altar of Kikubaaqudgha.
  3632 | D:4      | Got an ichor-stained trident
  3633 | D:4      | Identified the +5 trident "Tifad" {drain, rC+ MR+++ MP+9 Int-5} (You found it on level 4 of the Dungeon)
  3930 | D:4      | Reached skill level 6 in Spellcasting
  4072 | D:4      | Found a deep blue altar of Sif Muna.
  4138 | D:4      | Reached XP level 6. HP: 32/32 MP: 17/17
  4278 | D:4      | Reached * piety under Vehumet
  4278 | D:4      | Offered knowledge of Freeze by Vehumet.
  4710 | D:5      | Entered Level 5 of the Dungeon
  4710 | D:5      | Found Tezxiu's Weapon Emporium.
  4916 | D:5      | Reached XP level 7. HP: 36/36 MP: 19/19
  4933 | D:5      | Found Ylaider's Antique Weapon Shoppe.
  5037 | D:5      | Found Mahegan's Magic Scroll Emporium.
  5044 | D:5      | Bought a scroll of identify for 30 gold pieces
  5044 | D:5      | Bought a scroll of identify for 30 gold pieces
  5044 | D:5      | Bought a scroll of identify for 30 gold pieces
  5044 | D:5      | Bought a scroll of identify for 30 gold pieces
  5176 | D:5      | Reached skill level 7 in Spellcasting
  5176 | D:5      | Reached skill level 5 in Conjurations
  5697 | D:5      | Found a snail-covered altar of Cheibriados.
  5766 | D:5      | Reached XP level 8. HP: 41/41 MP: 16/21
  5905 | D:5      | Found Orphees's Weapon Shoppe.
  5961 | D:5      | Found Cukk's Armour Emporium.
  6080 | D:5      | Found a blossoming altar of Fedhas.
  6132 | D:6      | Found a staircase to the Ecumenical Temple.
  6152 | D:6      | Offered knowledge of Throw Flame by Vehumet.
  6157 | D:6      | Learned a level 2 spell: Throw Flame
  6160 | D:6      | Reached ** piety under Vehumet
  6344 | D:6      | Reached skill level 5 in Fire Magic
  6648 | D:6      | Reached skill level 8 in Spellcasting
  6840 | D:6      | Found a shadowy altar of Dithmenos.
  7008 | D:6      | Found a sparkling altar of Nemelex Xobeh.
  7012 | D:6      | Reached skill level 1 in Fighting
  7717 | D:7      | Found Jual's Antique Armour Shoppe.
  7746 | D:7      | Bought a runed hat for 104 gold pieces
  7834 | D:7      | Offered knowledge of Inner Flame by Vehumet.
  7841 | D:7      | Reached skill level 5 in Air Magic
  7841 | D:7      | Reached XP level 9. HP: 45/48 MP: 15/23
  8221 | D:7      | Reached *** piety under Vehumet
  8840 | D:8      | Noticed Grum
  8974 | D:8      | Noticed Erica
  8976 | D:8      | Noticed Psyche
  8990 | D:8      | Killed from afar by Erica

Action                   |  1- 3 |  4- 6 |  7- 9 || total
-------------------------+-------+-------+-------++-------
Melee: Unarmed           |     3 |       |       ||     3
       Dagger            |     1 |       |       ||     1
       Trident           |       |    24 |     2 ||    26
 Cast: Magic Dart        |    93 |   127 |   206 ||   426
       Repel Missiles    |     1 |       |     1 ||     2
       Conjure Flame     |       |     5 |    16 ||    21
       Mephitic Cloud    |       |     3 |     8 ||    11
       Throw Flame       |       |       |   118 ||   118
Evoke: Wand              |       |     2 |       ||     2
  Use: Scroll            |       |     3 |     7 ||    10
  Eat: Chunk             |     3 |    13 |    12 ||    28
